 Dungeon Crawl Stone Soup version 0.31.0-12-g77e489cdc1 (webtiles) character file.

Game seed: 9337301060613364217

98 Gadfly the Covered (level 4, -1/37 HPs)
             Began as an Armataur Fighter on Mar 1, 2024.
             Incinerated by a bombardier beetle (3 damage)
             ... with a burning spray
             ... on level 2 of the Dungeon.
             The game lasted 00:02:03 (1265 turns).

Gadfly the Covered (Armataur Fighter)               Turns: 1265, Time: 00:02:04

Health: -1/37      AC:  9    Str: 21    XL:     4   Next: 43%
Magic:  3/5        EV:  3    Int:  8    God:
Gold:   118        SH:  4    Dex: 12    Spells: 3/3 levels left

rFire   . . .        a - +0 flail
rCold   . . .        c - +0 buckler
rNeg    . . .        h - +0 plate armour
rPois   .            (no helmet)
rElec   .            (no cloak)
rCorr   .            (no gloves)
SInv    .            (no barding)
Will    .....        (no amulet) Stlth
                     (no ring)
HPRegen 0.26/turn    (no ring)
MPRegen 0.09/turn

%: roll
@: on fire, glowing
A: large, deformed body, tough skin 3, armoured tail, roll 1
a: no special abilities


You were on level 2 of the Dungeon.
You visited 1 branch of the dungeon, and saw 2 of its levels.

You collected 118 gold pieces.

Inventory:

Hand Weapons
 a - a +0 flail (weapon)
Armour
 c - a +0 buckler (worn)
 h - a +0 plate armour (worn)
Scrolls
 i - a scroll of identify
 j - a scroll of amnesia {unknown}
 k - a scroll of revelation {unknown}
Potions
 b - a potion of heal wounds
 d - a potion of might
 e - a potion of lignification
 f - a potion of mutation
 g - a potion of enlightenment {unknown}


   Skills:
 + Level 2.9 Fighting
 * Level 2.6 Maces & Flails
 + Level 3.9 Armour
 + Level 3.6 Shields
 * Level 1.5 Invocations
 * Level 1.9 Evocations


You had 3 spell levels left.
You didn't know any spells.
Your spell library was empty.

Dungeon Overview and Level Annotations

Branches:
Dungeon (2/15)

Altars:

Shops:
D:1 *


Innate Abilities, Weirdness & Mutations

Armour fits poorly on your strangely shaped body.
You have extremely tough skin. (AC +3)
You have a long armoured tail.
You regenerate magic when rolling toward enemies. (Rampage MPRegen)


Message History

A bombardier beetle is nearby!
You roll towards the bombardier beetle!
The bombardier beetle sprays incendiary fluid at you.
The burning spray hits you.
You are covered in liquid fire!
You are on fire!
You are on fire!
You hit the bombardier beetle.
The bombardier beetle is lightly wounded.
The liquid fire burns you!
You block the bombardier beetle's attack.
You hit the bombardier beetle.
The bombardier beetle is moderately wounded.
The liquid fire burns you!
You barely miss the bombardier beetle.
The bombardier beetle is moderately wounded.
The liquid fire burns you! The bombardier beetle bites you.
You hit the bombardier beetle.
The bombardier beetle is severely wounded.
The liquid fire burns you!
* * * LOW HITPOINT WARNING * * *
The bombardier beetle sprays incendiary fluid at you.
The burning spray hits you.
You are even more covered in liquid fire!
You sock the bombardier beetle!
You kill the bombardier beetle!
The liquid fire burns you!
* * * LOW HITPOINT WARNING * * *
You have reached level 4!
You feel agile.
You shake off some of the fire as you move.
The liquid fire burns you!
* * * LOW HITPOINT WARNING * * *
You shake off some of the fire as you move.
The liquid fire burns you!
* * * LOW HITPOINT WARNING * * *
You shake off some of the fire as you move.
The liquid fire burns you!
You die...

#.# #.# #.# ### #.#
#.. #.# #.# #.#
#.##### #.# #.#...
##♣ #.# #.#.#### ..♣
#.# #.@....# ##♣ #.#
###.##.# ♣. #.#
#.##.# ♣. #.# #.##.#
♣. #.# #.##.#
♣.♣#####.######.##.#
♣.♣.............##.#
♣.♣.####.######.##.#
#.#.# #...........#


There were no monsters in sight!

Vanquished Creatures
  A bombardier beetle (D:2)
  An adder (D:2)
  A ribbon worm (D:2)
  3 endoplasms
  2 giant cockroaches (D:1)
  8 hobgoblins
  2 quokkas
  2 ball pythons (D:1)
  6 bats
  6 frilled lizards
  10 goblins
  2 kobolds (D:1)
  6 rats
50 creatures vanquished.

Notes
Turn   | Place    | Note
-------+----------+-------------------------------------------
     0 | D:1      | Gadfly the Armataur Fighter began the quest for the Orb.
     0 | D:1      | Reached XP level 1. HP: 18/18 MP: 1/1
   214 | D:1      | Reached XP level 2. HP: 25/25 MP: 2/2
   326 | D:1      | Found Zelusoh's General Store.
   506 | D:1      | Reached skill level 1 in Evocations
   761 | D:2      | Reached skill level 1 in Invocations
   761 | D:2      | Reached XP level 3. HP: 30/30 MP: 3/3
  1263 | D:2      | Reached XP level 4. HP: 8/37 MP: 3/5
  1265 | D:2      | Incinerated by a bombardier beetle

Illustrated notes

Levels and vault maps discovered:
D:1:      dpeg_arrival_more_subterranean_lakeside_camping, layout_loops_cross,
          serial_shops, nicolae_shop_back_alley_shop
D:2:      cheibrodos_greedy_goblins, layout_loops_ring, serial_forest,
          infiniplex_forest_diagonal, infiniplex_forest_clump_curved,
          infiniplex_forest_end_2, infiniplex_forest_lined_room_3,
          infiniplex_forest_straight_3, infiniplex_forest_end_3,
          infiniplex_forest_straight_4, infiniplex_forest_diagonal,
          infiniplex_forest_end_double

Skill      XL: |  1  2 |
---------------+-------+-----
Maces & Flails | 2 |  2.6
Evocations     | 1 |  1.9
Invocations    | 1 |  1.5
Fighting       | |  2.9
Armour         | |  3.9
Shields        | |  3.6

Action                     |  1- 3 |  4- 6 || total
---------------------------+-------+-------++-------
  Melee: Flail             |   127 |       ||   127
         Tailslap          |     9 |       ||     9
    Use: Scroll            |     3 |       ||     3
 Armour: Scale mail        |    12 |       ||    12
         Plate armour      |   104 |       ||   104
  Dodge: Dodged            |    16 |       ||    16
  Block: Buckler           |    38 |       ||    38
